 Dungeon Crawl Stone Soup version 0.27.0-1-g7a089689b8 (webtiles) character file.

Game seed: 13456725911509152082

572 gbaromhunter the Ducker (level 7, -1/42 (46) HPs)
             Began as a Human Gladiator on Aug 2, 2021.
             Was a Follower of Hepliaklqana.
             Slain by a phantom (6 damage)
             ... on level 4 of the Dungeon.
             The game lasted 00:32:09 (5229 turns).

gbaromhunter the Ducker (Human Gladiator)           Turns: 5229, Time: 00:32:11

HP:   -1/42 (46)    AC:  9    Str: 14      XL:     7   Next: 61%
MP:   7/9           EV: 10    Int: 11      God:    Hepliaklqana [*.....]
Gold: 132           SH:  0    Dex: 12 (14) Spells: 3/9 levels left

rFire    . . .     SeeInvis .   d - +0 falchion (drain)
rCold    . . .     Faith    .   (no shield)
rNeg     . . .     Spirit   .   p - +2 scale mail {Will+}
rPois    .         Reflect  .   c - +0 helmet
rElec    .         Harm     .   (no cloak)
rCorr    .         Rampage  .   (no gloves)
Will     +....                  (no boots)
Stlth    ..........             (no amulet)
HPRegen  0.14/turn              t - ring of wizardry
MPRegen  0.11/turn              (no ring)

@: mighty, drained
A: reduced essence
a: Renounce Religion, Recall Ancestor, Ancestor Identity


You were on level 4 of the Dungeon.
You worshipped Hepliaklqana.
Hepliaklqana was aware of your devotion.
You visited 1 branch of the dungeon, and saw 4 of its levels.

You collected 132 gold pieces.

Inventory:

Hand Weapons
 a - a +0 trident
 d - a +0 falchion of draining (weapon)
 i - a +1 whip of flaming
Missiles
 s - a throwing net (quivered)
Armour
 b - a +0 leather armour
 c - a +0 helmet (worn)
 p - a +2 scale mail of willpower (worn)
Jewellery
 t - a ring of wizardry (left hand)
Wands
 n - a wand of polymorph (7)
 o - a wand of flame (2)
Scrolls
 e - a scroll of identify
 k - 2 scrolls of vulnerability
 l - a scroll of magic mapping
Potions
 f - 2 potions of magic {unknown}
 h - a potion of resistance {unknown}
 j - 2 potions of lignification {unknown}
 m - 2 potions of mutation {unknown}
 r - 2 potions of curing {unknown}


   Skills:
 + Level 3.1 Fighting
 + Level 3.6 Maces & Flails
 + Level 3.5 Polearms
 + Level 2.2 Throwing
 + Level 3.1 Armour
 + Level 4.0 Dodging
 + Level 1.3 Stealth
 + Level 1.5 Spellcasting
 + Level 1.4 Summonings
 + Level 0.8 Evocations


You had 3 spell levels left.
You knew the following spells:

 Your Spells              Type           Power      Damage    Failure   Level
a - Summon Small Mammal   Summ           12%        N/A       26%         1
b - Static Discharge      Conj/Air       0%         N/A       56%         2
c - Call Canine Familiar  Summ           3%         N/A       61%         3

Your spell library contained the following spells:

 Spells                   Type           Power      Damage    Failure   Level
 Summon Guardian Golem    Hex/Summ       2%         N/A       69%         3
 Mephitic Cloud           Conj/Pois/Air  0%         N/A       78%         3
 Ignite Poison            Fire/Tmut/Pois 0%         N/A       80%         3
 Ozocubu's Armour         Ice            0%         N/A       80%         3
 Dispel Undead            Necr           0%         3d6       99%         4
 Sticky Flame             Conj/Fire      0%         2d3       99%         4
 Bolt of Magma            Conj/Fire/Erth 0%         4d4       100%        5
 Ozocubu's Refrigeration  Ice            0%         4d5       100%        7


Dungeon Overview and Level Annotations

Branches:
Dungeon (4/15)
 Temple: D:4-7

Altars:
Gozag
Hepliaklqana
Kikubaaqudgha
Trog
Uskayaw
Zin

Shops:
D:1 :[:


Message History

Confirm with . or Enter, or press ? or * to list all spells.
Okay, then.
You feel very mighty all of a sudden.
Your bat hits the phantom but does no damage.
The phantom hits you!
* * * LOW HITPOINT WARNING * * *
The phantom blinks!
You blink.
You closely miss the phantom.
The phantom is moderately damaged.
Your bat misses the phantom. The phantom completely misses you.
You barely miss the phantom.
The phantom is moderately damaged.
Your bat hits the phantom but does no damage.
The phantom hits you but does no damage.
You barely miss the phantom.
The phantom is moderately damaged.
Your bat closely misses the phantom.
The phantom hits you but does no damage.
You hit the phantom.
The phantom is heavily damaged.
Your bat closely misses the phantom.
The phantom hits you.
* * * LOW HITPOINT WARNING * * *
The phantom hits you but does no damage.
You closely miss the phantom.
The phantom is heavily damaged.
Your bat hits the phantom but does no damage.
The phantom barely misses you.
You slash the phantom!
The phantom is severely damaged.
Your bat misses the phantom. The phantom barely misses you.
Ayize barely misses the phantom.
Your magical contamination has completely faded away.
You closely miss the phantom.
The phantom is severely damaged.
Your bat barely misses the phantom.
The phantom hits you but does no damage.
Ayize hits the phantom but does no damage.
Your bat hits the phantom but does no damage.
The phantom hits you.
You die...

###.........§b.##..,..##
#....###.......#,,,,....
##.?.####........,,,....
##....#.#.######..,,...
##........#*#**,.,,,..
##*##.._.#...#.##..**,,..
#..#................,,...
*#.....##J....###....,,...
*.......b@R...##*,,..,*...
##.......W.......,*,,,,...
*#..........#.#..,*,,,,...
*...........###..,,,,,,#..
##...........#**..,,,,,...
###.##......# *##.,,,,*.#
##*#......# *,,,,,,,,
##....##****,,,,****
##...P,,,,,,,***≈≈≈


You could see the friendly Ayize the ancestor, a phantom (ally target), an
endoplasm and a friendly bat (summoned).

Vanquished Creatures
  Sigmund (D:2)
  Eustachio (D:4)
  A hound (D:4)
  2 orc wizards (D:3)
  2 gnolls (D:4)
  3 adders (D:2)
  3 worms
  2 dart slugs
  6 orcs (D:3)
  7 ball pythons
  3 endoplasms
  A giant cockroach (D:2)
  6 goblins
  9 hobgoblins
  4 jackals
  8 kobolds
  A quokka (D:2)
  8 bats
  A frilled lizard (D:2)
  7 rats
76 creatures vanquished.

Vanquished Creatures (collateral kills)
  An iguana (D:3)
  An orc wizard (D:3)
  2 gnolls (D:3)
  An adder skeleton (D:4)
  A dart slug (D:4)
  2 giant cockroaches
  3 jackals (D:4)
  A ball python (D:3)
  A frilled lizard (D:4)
13 creatures vanquished.

Vanquished Creatures (others)
  An orc wizard (D:3)
  8 plants
  10 withered plants (D:2)
19 creatures vanquished.

Grand Total: 108 creatures vanquished

Notes
Turn   | Place    | Note
-------+----------+-------------------------------------------
     0 | D:1      | gbaromhunter the Human Gladiator began the quest for the
                  | Orb.
     0 | D:1      | Reached XP level 1. HP: 16/16 MP: 1/1
   228 | D:1      | Reached XP level 2. HP: 21/22 MP: 2/2
   422 | D:1      | Found Cifyluad's Antique Armour Shoppe.
   892 | D:1      | Found Mautyotu's Book Emporium.
   932 | D:1      | Reached XP level 3. HP: 27/27 MP: 3/3
  1163 | D:1      | Found Zaconn's Book Shoppe.
  1699 | D:2      | Reached XP level 4. HP: 27/34 MP: 4/4
  1797 | D:2      | Reached skill level 1 in Armour
  1901 | D:2      | Learned a level 1 spell: Summon Small Mammal
  2083 | D:2      | Noticed Sigmund
  2099 | D:2      | Killed Sigmund
  2100 | D:2      | Reached skill level 1 in Stealth
  2100 | D:2      | Reached XP level 5. HP: 27/40 MP: 1/5
  2100 | D:2      | Reached XP level 6. HP: 32/46 MP: 1/6
  2198 | D:2      | Learned a level 2 spell: Static Discharge
  2202 | D:2      | Learned a level 3 spell: Call Canine Familiar
  2261 | D:2      | Found a faded altar of an unknown god.
  2670 | D:3      | Found a hazy altar of Hepliaklqana.
  2688 | D:3      | Found a glowing silver altar of Zin.
  2942 | D:3      | Found an opulent altar of Gozag.
  2942 | D:3      | Found an ancient bone altar of Kikubaaqudgha.
  2947 | D:3      | Became a worshipper of Hepliaklqana the Forgotten
  3165 | D:3      | Reached skill level 1 in Spellcasting
  3165 | D:3      | Reached skill level 1 in Summonings
  3444 | D:3      | Found a hide-covered altar of Uskayaw.
  3665 | D:3      | Reached * piety under Hepliaklqana
  4213 | D:3      | Reached XP level 7. HP: 21/46 MP: 6/8
  4573 | D:4      | Noticed Eustachio
  4636 | D:4      | Killed Eustachio
  4903 | D:4      | Reached skill level 4 in Dodging
  4936 | D:4      | Found a bloodstained altar of Trog.
  5229 | D:4      | Slain by a phantom

Illustrated notes

Levels and vault maps discovered:
D:1:      dpeg_arrival_simpleton_c, layout_basic, serial_shops, shop, shop,
          nicolae_shop_stone, st_stairs_10
D:2:      layout_loops_corners, shapermc_ecumenical_altar_flowoftime,
          uniq_sigmund
D:3:      layout_basic, lemuel_tele_altar,
          chequers_temple_overflow_statue_of_worship
D:4:      layout_cave_pools, nicolae_elyvilon_temple_path, bloody_trog,
          minmay_lizard_king, uniq_eustachio

Skill      XL: |  1  2  3  4  5  6  7 |
---------------+----------------------+-----
Armour         | 1 2 3 |  3.1
Maces & Flails | 2 3 |  3.6
Stealth        | 1 |  1.3
Fighting       | 3 |  3.1
Spellcasting   | 1 |  1.5
Summonings     | 1 |  1.4
Dodging        | 4 |  4.0
Polearms       | |  3.5
Throwing       | |  2.2
Evocations     | |  0.8

Action                   |  1- 3 |  4- 6 |  7- 9 || total
-------------------------+-------+-------+-------++-------
Melee: Trident           |    30 |       |       ||    30
       Whip              |    90 |   132 |    55 ||   277
       Falchion          |       |       |    44 ||    44
Throw: Throwing net      |       |       |     4 ||     4
 Cast: Summon Small Mamm |       |    11 |     3 ||    14
       Static Discharge  |       |     3 |       ||     3
Invok: Ancestor Identity |       |     1 |       ||     1
Evoke: Wand              |       |     6 |       ||     6
  Use: Potion            |       |     3 |     1 ||     4
       Scroll            |       |       |     3 ||     3
 Stab: Sleeping          |     2 |     2 |       ||     4
Armor: Leather armour    |    35 |    29 |       ||    64
       Scale mail        |       |    12 |    93 ||   105
Dodge: Dodged            |    72 |    70 |    78 ||   220
       Rpst.: Falchion   |       |       |     8 ||     8
